 Dungeon Crawl Stone Soup version 0.22.1-1-ga44c0e5 (webtiles) character file.

120 topirishpotato the Covered (level 5, -10/42 HPs)
             Began as a Barachi Fighter on Sept 27, 2018.
             Mangled by an ogre
             ... wielding a +0 giant club
              (18 damage)
             ... on level 4 of the Dungeon.
             The game lasted 00:04:57 (1797 turns).

topirishpotato the Covered (Barachi Fighter)        Turns: 1797, Time: 00:04:58

Health: -10/42     AC:  7    Str: 23    XL:     5   Next: 4%
Magic:  5/5        EV:  7    Int:  8    God:
Gold:   114        SH: 10    Dex: 12    Spells: 4/4 levels left

rFire    . . .     SeeInvis .   a - +0 long sword
rCold    . . .     Gourm    .   c - +0 shield
rNeg     . . .     Faith    .   b - +0 scale mail
rPois    .         Spirit   .   (no helmet)
rElec    .         Reflect  .   (no cloak)
rCorr    .         Harm     .   (no gloves)
MR       .....                  (no boots)
Stlth    ..........             (no amulet)
HPRegen  0.14/turn              k - ring of wizardry
MPRegen  0.09/turn              (no ring)

@: mighty, slow
A: +LOS, swims, slowness 1, strong legs 1
a: Hop


You were on level 4 of the Dungeon.
You were not hungry.

You visited 1 branch of the dungeon, and saw 4 of its levels.

You collected 114 gold pieces.

Inventory:

Hand Weapons
 a - a +0 long sword (weapon)
Armour
 b - a +0 scale mail (worn)
 c - a +0 shield (worn)
Jewellery
 k - a ring of wizardry (left hand)
Wands
 q - a wand of random effects (33)
Scrolls
 g - a scroll of identify {unknown}
 i - a scroll of fog {unknown}
 j - a scroll of noise {unknown}
 p - a scroll of amnesia {unknown}
Potions
 d - a potion of might
 e - a potion of heal wounds {unknown}
 h - a potion of curing {unknown}
 l - a potion of berserk rage {unknown}
 m - a potion of agility {unknown}
 n - a potion of invisibility {unknown}
Comestibles
 f - 7 rations


   Skills:
 - Level 4.0 Fighting
 - Level 3.0 Long Blades
 + Level 5.7 Armour
 - Level 4.0 Shields


You had 4 spell levels left.
You didn't know any spells.
Your spell library was empty.

Dungeon Overview and Level Annotations

Branches:
Dungeon (4/15)
 Temple: D:4-7

Altars:
Uskayaw

Annotations:
D:3 Sigmund


Innate Abilities, Weirdness & Mutations

Shadows flee at your approach. (+LOS)
You can swim through water.
You cover ground slowly.
You can hop short distances.


Message History

The ogre shouts!
Okay, then.
The ogre barely misses you.
You slash the ogre!
The ogre is moderately wounded.
You block the ogre's attack.
You hit the ogre.
The ogre is moderately wounded.
The ogre hits you but does no damage.
You hit the ogre.
The ogre is heavily wounded.
The ogre hits you with a giant club!!
Ouch! That really hurt!
You feel very mighty all of a sudden. The ogre hits you with a giant club!
* * * LOW HITPOINT WARNING * * *
Your shield and scale mail prevent you from hitting the ogre.
The ogre is heavily wounded.
The ogre hits you with a giant club!!
You die...

........#####......#.##
..............######..#
........##.........##.#
...[.... #.#######.##.#
#####.## #.# #.##.. #.#
#.# #.###. #.# #.#
#.###. #.####O# #.#...
#.@O.#.# #.....
####.#.# ###... #.#.#.#
#### #.O...# ###....#
.....# ##...# ...#
.....


You could see an ogre.

Vanquished Creatures
  Natasha (D:3)
  A worker ant (D:2)
  2 adders
  5 worms (D:2)
  A dart slug (D:4)
  A leopard gecko (D:2)
  3 giant cockroaches (D:2)
  2 hobgoblins (D:3)
  4 jackals (D:3)
  2 quokkas (D:2)
  4 bats
  4 frilled lizards
  2 goblins
  5 kobolds
  3 rats
40 creatures vanquished.

Notes
Turn   | Place    | Note
-------+----------+-------------------------------------------
     0 | D:1      | topirishpotato the Barachi Fighter began the quest for the
                  | Orb.
     0 | D:1      | Reached XP level 1. HP: 18/18 MP: 1/1
   242 | D:1      | You fall through a shaft!
   391 | D:2      | Noticed a worker ant
   398 | D:2      | Killed a worker ant
   398 | D:2      | Reached skill level 4 in Armour
   398 | D:2      | Reached XP level 2. HP: 25/25 MP: 2/2
   398 | D:2      | Reached XP level 3. HP: 30/30 MP: 3/3
   853 | D:2      | Found a hide-covered altar of Uskayaw.
  1068 | D:2      | Reached XP level 4. HP: 29/37 MP: 4/4
  1383 | D:3      | Reached skill level 5 in Armour
  1435 | D:3      | Noticed Sigmund
  1670 | D:3      | Noticed Natasha
  1687 | D:3      | Killed Natasha
  1687 | D:3      | Reached XP level 5. HP: 35/42 MP: 5/5
  1775 | D:4      | Noticed an ogre
  1797 | D:4      | Mangled by an ogre

Skill      XL: |  1  2  3  4 |
---------------+-------------+-----
Fighting       | 4 |  4.0
Armour         | 4 5 |  5.7
Long Blades    | 3 |  3.0
Shields        | 4 |  4.0

Action                   |  1- 3 |  4- 6 || total
-------------------------+-------+-------++-------
Melee: Long sword        |   102 |    73 ||   175
  Use: Potion            |       |     1 ||     1
  Eat: Chunk             |     1 |     3 ||     4
Armor: Scale mail        |    53 |    41 ||    94
Dodge: Dodged            |    32 |    28 ||    60
Block: Shield            |    46 |    26 ||    72
       Rpst.: Long sword |    10 |     7 ||    17
